AoeStats
← FedeSanta

Fortress

509195101Analyzed
3v3 RM · 6d ago on Sep 25, 2026· 42m 38s· 6 players
Game mode
Random Map
Map size
Large (8 player)
Population
200
Speed
Normal
Resources
Standard
Victory
Conquest
Starting age
Dark Age
Ending age
Imperial Age
RankedLock teamsTeams togetherTeam positionsShared explorationLock speedFull tech treeHidden civsTurbo modeCheats
Victory
Defeat
🇮🇹 Teutons · Italy
619
+8
🇧🇷 Sicilians · Brazil
562
+9
🇮🇹 Romans · Italy
507
+11
🇺🇸 Huns · United States
418
-10
🇺🇸 Saracens · United States
405
-9
🇬🇧 Britons · United Kingdom
405
-9
boneyt92
0:35 Loom
6:10 Feudal Age
8:08 Wheelbarrow
9:58 Gold Mining
11:02 Double-Bit Axe
13:47 Horse Collar
14:55 Town Watch
20:53 Castle Age
19:06 Fletching
19:16 Padded Archer Armor
19:15 Arson
21:43 Forging
21:33 Scale Mail Armor
22:14 Heavy Plow
22:51 Bow Saw
23:23 Squires
23:10 Gambesons
23:57 Fortified Wall
26:57 Masonry
26:43 Murder Holes
26:59 Stone Mining
FruliDains
8:25 Feudal Age
11:23 Double-Bit Axe
13:34 Man-at-Arms
21:03 Castle Age
26:31 Bimaristan
27:44 Wheelbarrow
33:24 Pikeman
34:24 Husbandry
36:13 Bow Saw
37:03 Fletching
39:06 Crossbowman
39:52 Thumb Ring
44:10 Imperial Age
Marsha7392
11:10 Feudal Age
12:36 Wheelbarrow
13:04 Town Watch
13:06 Loom
14:55 Loom
15:02 Double-Bit Axe
18:45 Gold Mining
18:49 Stone Mining
21:39 Castle Age
20:32 Bloodlines
23:06 Caravan
23:34 Hand Cart
23:08 Loom
23:44 Bow Saw
24:12 Gold Shaft Mining
23:29 Horse Collar
25:48 Marauders
28:22 Husbandry
27:55 Elite Skirmisher
30:42 Thumb Ring
29:57 Crossbowman
36:07 Imperial Age
37:34 Masonry
39:44 Conscription
41:26 Elite Tarkan
42:44 Squires
42:04 Pikeman
FireMike22
1:30 Loom
10:00 Feudal Age
11:33 Double-Bit Axe
11:31 Horse Collar
12:30 Wheelbarrow
12:02 Gold Mining
12:02 Stone Mining
19:10 Castle Age
18:23 Arson
19:38 Town Watch
22:14 Bow Saw
23:06 Heavy Plow
24:29 Hand Cart
26:03 Caravan
27:27 Town Patrol
29:32 Masonry
29:14 Guard Tower
30:38 Fortified Wall
32:28 Ballistics
32:16 Town Patrol
35:58 Imperial Age
35:18 Ironclad
35:40 Forging
35:32 Scale Mail Armor
35:25 Fletching
35:37 Padded Archer Armor
37:02 Iron Casting
36:36 Squires
35:57 Pikeman
38:07 Chemistry
36:57 Arrowslits
38:48 Chain Mail Armor
39:18 Keep
38:50 Siege Engineers
38:31 Onager
40:26 Two-Man Saw
40:05 Crop Rotation
43:33 Hoardings
43:31 Conscription
FedeSanta
8:05 Feudal Age
9:13 Double-Bit Axe
10:05 Horse Collar
10:18 Gold Mining
10:48 Man-at-Arms
11:32 Stone Mining
15:18 Wheelbarrow
19:06 Castle Age
17:19 Forging
18:25 Scale Mail Armor
19:49 Long Swordsman
20:43 Squires
20:03 Pikeman
22:08 Coinage
25:56 Gold Shaft Mining
27:15 Heavy Plow
29:42 Ballistas
31:05 Caravan
33:51 Hand Cart
35:26 Iron Casting
35:08 Chain Mail Armor
38:31 Imperial Age
36:28 Masonry
38:48 Scale Barding Armor
39:21 Fortified Wall
40:14 Chemistry
38:39 Capped Ram
38:42 Halberdier
40:37 Crop Rotation
40:21 Bow Saw
40:59 Conscription
42:52 Blast Furnace
42:15 Ballistics
41:52 Murder Holes
Mimi
1:33 Loom
8:20 Feudal Age
8:55 Horse Collar
10:06 Double-Bit Axe
10:54 Gold Mining
15:53 Stone Mining
18:29 Wheelbarrow
21:14 Castle Age
19:30 Arson
20:31 Forging
20:22 Scale Mail Armor
23:36 Town Watch
24:07 Hand Cart
24:13 Heavy Plow
24:26 Bow Saw
26:09 Iron Casting
26:43 Town Patrol
27:24 Gold Shaft Mining
28:56 Chain Mail Armor
35:14 Masonry
37:38 Imperial Age
35:44 Caravan
35:53 Husbandry
36:02 Scale Barding Armor
37:54 Chain Barding Armor
37:57 Ballistics
37:33 Murder Holes
38:33 Stone Shaft Mining
38:37 Cavalier
39:28 Bloodlines
39:44 Conscription
41:53 Plate Barding Armor
42:19 Blast Furnace
41:34 Hauberk
Connection lost

Rejoining the realm…

Still unreachable

The connection could not be restored.

Session expired

The server has moved on; the page needs a fresh start.